 Dungeon Crawl Stone Soup version 0.22-a0-40-g3d2f077 (webtiles) character file.

14511 tidbits the Reanimator (level 12, -11/89 HPs)
             Began as a Gnoll Necromancer on Jan 4, 2018.
             Was a High Priest of Cheibriados.
             Killed from afar by a battlesphere (21 damage)
             ... created by a tengu reaver
             ... on level 13 of the Dungeon.
             The game lasted 00:42:59 (3937 turns).

tidbits the Reanimator (Gnoll Necromancer)          Turns: 3937, Time: 00:43:00

Health: -11/89     AC:  9    Str: 22    XL:     12   Next: 17%
Magic:  17/24      EV: 21    Int: 37    God:    Cheibriados [*****.]
Gold:   412        SH:  8    Dex: 30    Spells: 3/28 levels left

rFire    . . .     SeeInvis .   a - +5 flail (protect)
rCold    . . .     Gourm    .   O - +0 buckler
rNeg     . . .     Faith    .   B - +0 troll leather armour
rPois    +         Spirit   .   E - +2 helmet
rElec    .         Reflect  .   C - +0 cloak
rCorr    .         Harm     +   (no gloves)
MR       .....                  (no boots)
Stlth    +++++.....             q - amulet of harm
HPRegen  0.64/turn              T - +4 ring of intelligence
MPRegen  0.19/turn              P - ring of poison resistance

@: very slow
A: distributed training, fangs 1, strong nose
a: Bend Time, Temporal Distortion, Slouch, Step From Time, Renounce Religion


You were on level 13 of the Dungeon.
You worshipped Cheibriados.
Cheibriados was extremely pleased with you.
You were not hungry.

You visited 2 branches of the dungeon, and saw 13 of its levels.

You collected 412 gold pieces.

Inventory:

Hand Weapons
 a - a +5 flail of protection (weapon)
   (You took it off Edmund on level 6 of the Dungeon)
 d - a +2 dagger of venom
   (You took it off an orc on level 3 of the Dungeon)
 i - a +2 war axe
 w - a cursed -2 trident
 F - a +0 shortbow
 J - a +1 hand axe of flaming
   (You took it off an orc priest on level 8 of the Dungeon)
 K - a +0 whip of pain
   (You took it off a kobold on level 1 of the Dungeon)
 L - a +0 broad axe
 U - a +1 hunting sling of freezing
   (You took it off Joseph on level 9 of the Dungeon)
 V - a +1 quarterstaff of distortion
   (You took it off Joseph on level 9 of the Dungeon)
 Z - the +9 falchion "Enwadeo" {antimagic, Str+3 Dex+6 SInv}
   (You found it on level 10 of the Dungeon)

   It reduces the magical energy of the wielder, and disrupts the spells and
   magical abilities of those hit.
   Natural abilities and divine invocations are not affected.
   It affects your strength (+3).
   It affects your dexterity (+6).
   It lets you see invisible.
Missiles
 h - 57 stones (quivered)
 s - 53 bolts
 t - 120 arrows
 W - 48 sling bullets
Armour
 b - the +3 leather armour of the Serpent {Int+4}
   (You found it on level 8 of the Dungeon)

   It affects your intelligence (+4).
 o - the +4 scale mail of the First Snow {rN+ Int+8, unknown}
   (You found it on level 13 of the Dungeon)

   It affects your intelligence (+8).
   It protects you from negative energy.
 B - a +0 troll leather armour (worn)
 C - a +0 cloak (worn)
 E - a +2 helmet (worn)
 O - a +0 buckler (worn)
 Q - a +2 ring mail of fire resistance
   (You took it off Duvessa on level 7 of the Dungeon)
Magical Staves
 e - an uncursed staff of energy {!a}
   (You found it on level 7 of the Dungeon)
 k - an uncursed staff of power {!a}
   (You found it on level 8 of the Dungeon)
 S - an uncursed staff of conjuration {!a}
   (You found it on level 9 of the Dungeon)
Jewellery
 l - an uncursed amulet of the gourmand
   (You found it on level 2 of the Dungeon)
 q - an amulet of harm (around neck)
   (You found it on level 3 of the Dungeon)
 z - an uncursed ring of fire
   (You found it on level 10 of the Dungeon)
 P - a ring of poison resistance (right hand)
   (You found it on level 9 of the Dungeon)
 T - a +4 ring of intelligence (left hand)
   (You found it on level 9 of the Dungeon)
Wands
 m - a wand of enslavement (6)
 D - a wand of digging (46)
 N - a wand of scattershot (4)
 X - a wand of flame (10)
Scrolls
 f - 3 scrolls of blinking
 r - 4 scrolls of remove curse
 v - 3 scrolls of fog
 x - a scroll of enchant weapon {unknown}
 A - a scroll of teleportation
 H - 2 scrolls of brand weapon
 I - a scroll of vulnerability {unknown}
 Y - a scroll of amnesia
Potions
 g - 3 potions of might
 j - 3 potions of brilliance
 p - 3 potions of heal wounds
 u - 3 potions of curing
 y - 3 potions of haste
 G - a potion of cancellation
 R - a potion of magic
Books
 n - a book of Necromancy

   Spells                             Type                      Level
   a - Pain                           Necromancy                   1
   b - Animate Skeleton               Necromancy                   1
   c - Vampiric Draining              Necromancy                   3
   d - Regeneration                   Charms/Necromancy            3
   e - Animate Dead                   Necromancy                   4
   f - Borgnjor's Vile Clutch         Necromancy/Earth             5
 M - a book of Minor Magic
   (You found it on level 8 of the Dungeon)

   Spells                             Type                      Level
   a - Magic Dart                     Conjuration                  1
   b - Blink                          Translocation                2
   c - Call Imp                       Summoning                    2
   d - Slow                           Hexes                        2
   e - Conjure Flame                  Conjuration/Fire             3
   f - Mephitic Cloud                 Conjuration/Poison/Air       3
Comestibles
 c - 9 rations


   Skills:
 + Level 6.9 Fighting
 + Level 6.9 Short Blades
 + Level 6.9 Long Blades
 + Level 6.9 Axes
 + Level 6.9 Maces & Flails
 + Level 6.9 Polearms
 + Level 6.9 Staves
 + Level 6.9 Slings
 + Level 6.9 Bows
 + Level 6.9 Crossbows
 + Level 6.9 Throwing
 + Level 6.9 Armour
 + Level 8.4 Dodging
 + Level 8.1 Stealth
 + Level 6.9 Shields
 + Level 6.9 Unarmed Combat
 + Level 8.6 Spellcasting
 + Level 5.7 Conjurations
 + Level 5.7 Hexes
 + Level 5.7 Charms
 + Level 5.7 Summonings
 + Level 9.2 Necromancy
 + Level 5.7 Translocations
 + Level 5.7 Transmutations
 + Level 5.7 Fire Magic
 + Level 5.7 Ice Magic
 + Level 5.7 Air Magic
 + Level 5.7 Earth Magic
 + Level 5.7 Poison Magic
 + Level 7.5 Invocations
 + Level 6.9 Evocations


You had 3 spell levels left.
You knew the following spells:

 Your Spells              Type           Power        Failure   Level  Hunger
a - Pain                  Necr           ####         1%          1    None
b - Blink                 Tloc           N/A          1%          2    None
c - Conjure Flame         Conj/Fire      ######..     1%          3    None
d - Vampiric Draining     Necr           ######....   1%          3    None
m - Mephitic Cloud        Conj/Pois/Air  ######..     1%          3    None
n - Animate Skeleton      Necr           N/A          1%          1    None
r - Regeneration          Chrm/Necr      ######....   1%          3    None
v - Borgnjor's Vile Clut  Necr/Erth      ######....   3%          5    ###....
N - Animate Dead          Necr           N/A          1%          4    None


Dungeon Overview and Level Annotations

Branches:
Dungeon (13/15)            Temple (1/1) D:4            Lair (0/6) D:9
    Orc (0/2) D:12
 Vaults: D:13-14

Altars:
Ashenzari
Cheibriados
Dithmenos
Elyvilon
Fedhas
Hepliaklqana
Kikubaaqudgha
Makhleb
Nemelex Xobeh
Okawaru
Qazlal
Ru
Sif Muna
Trog
Uskayaw
Vehumet
Wu Jian
Xom
Yredelemnul
Zin
The Shining One

Shops:
D:7 =

Annotations:
D:13 Sonja


Innate Abilities, Weirdness & Mutations

Your experience applies equally to all skills.
You have very sharp teeth.
Your uncanny sense of smell can sniff out nearby items.


Message History

Attack!
The ettin hits your fire dragon with a dire flail.
The ettin barely misses your fire dragon.
Your fire dragon bites the ettin!
Your fire dragon claws the ettin.
Your fire dragon tramples the ettin.
The ettin stumbles backwards!
r - 4 scrolls of remove curse (gained 1)
The ettin completely misses your fire dragon.
The ettin hits your fire dragon with a dire flail!!
The tengu reaver hits your fire dragon with a war axe!
The tengu reaver pecks your fire dragon.
The tengu reaver claws your fire dragon but does no damage.
Your fire dragon bites the ettin.
Your fire dragon claws the ettin.
Your fire dragon tramples the ettin!
The ettin holds its ground!
The centaur warrior wields a shortbow.
The centaur warrior shoots an arrow.
The arrow hits your fire dragon!!
You hear an angry hiss.
A centaur warrior comes into view. It is wielding a shortbow.
The centaur warrior shoots an arrow.
The arrow hits your fire dragon.
The ettin closely misses your fire dragon.
The ettin hits your fire dragon with a dire flail!!
Your fire dragon dies!
The tengu reaver mumbles some strange words.
The centaur warrior shoots an arrow.
You block the arrow.
A wolf spider comes into view.
You see here an arrow.
Unknown command.
Casting: Animate Skeleton
Confirm with . or Enter, or press ? or * to list all spells.
Aiming: Borgnjor's Vile Clutch
Press: ? - help, Dir - move target cursor, f/p - ettin
Aim: an ettin, wielding two dire flails (heavily wounded) Decaying hands burst forth from the earth!
Zombie hands grab the ettin.
Zombie hands grab the tengu reaver.
Zombie hands grab the centaur warrior.
The zombie hands constrict the ettin!
The zombie hands constrict the tengu reaver!
The zombie hands constrict the centaur warrior.
The deep elf annihilator casts a spell.
The deep elf annihilator blinks!
You block the ettin's attack. x2
Unknown command.
You sock the ettin!
Your weapon exudes an aura of protection.
You bite the ettin, but do no damage.
The ettin is almost dead.
The zombie hands constrict the ettin!
You kill the ettin!
Cheibriados appreciates the change of pace.
The zombie hands constrict the tengu reaver!!
The zombie hands constrict the centaur warrior!
The centaur warrior shoots an arrow.
The arrow hits you!
The tengu reaver struggles to escape constriction.
You block the wolf spider's attack.
The wolf spider bites you but does no damage.
A battlesphere comes into view.
Casting: Borgnjor's Vile Clutch
Confirm with . or Enter, or press ? or * to list all spells.
Aiming: Mephitic Cloud
Press: ? - help, Shift-Dir - straight line, f - wolf spider
Aim: a wolf spider (clinging)
The ball explodes into a vile cloud!
The stinking cloud engulfs the wolf spider.
The stinking cloud engulfs you!
The stinking cloud engulfs the tengu reaver.
The tengu reaver is moderately wounded.
The stinking cloud engulfs the centaur warrior.
The centaur warrior is moderately wounded.
The stinking cloud engulfs the battlesphere.
The battlesphere appears unharmed.
The zombie hands constrict the tengu reaver!!
The zombie hands constrict the centaur warrior!
You hear an angry hiss.
The centaur warrior is engulfed in noxious fumes.
The wolf spider is engulfed in noxious fumes.
The wolf spider appears confused.
The tengu reaver is engulfed in noxious fumes.
The tengu reaver struggles to escape constriction.
Unknown command.
Press: ? - help, v - describe, . - travel, g - get item An arrow.
The floor, spattered with blood.
There is a cloud of noxious fumes here.
The zombie hands constrict the tengu reaver!
The zombie hands constrict the centaur warrior!!
You kill the centaur warrior!
Cheibriados appreciates the change of pace.
The zombie hands release their grip on the tengu reaver.
The tengu reaver is engulfed in noxious fumes.
The tengu reaver hits you but does no damage.
The tengu reaver pecks you but does no damage.
The tengu reaver completely misses you.
The deep elf annihilator gestures at you while chanting.
The iron shot misses you. You block the wolf spider's attack.
The wolf spider bites you.
The tengu reaver is engulfed in noxious fumes.
The tengu reaver gestures at you while chanting.
The bolt of magma hits you!
Ouch! That really hurt!
* * * LOW HITPOINT WARNING * * *
The battlesphere fires!
The barrage of energy hits you!
You die...

.......#..###...##...###
#)..
.####..#.#..##..##..##
#... #...##.#..###..###
#... ##.. #..#...####..
#...# ... ##..#.#.##.#
#.... .... ##..###?$#
..... .... #.###.. .#
...... ##Z#s#..# ...##.
##@Q.# ∆ #§*.# ∆ ∆
.#.#e.# .# #. ..# #.∆
#!∆## . ## .. #.


You could see a tengu reaver, a deep elf annihilator, a wolf spider (confused),
a battlesphere and a friendly manticore skeleton.

Vanquished Creatures
  An ettin (D:13)
  3 two-headed ogres
  A centaur warrior (D:13)
  A death yak (D:10)
  An unseen horror (D:12)
  A manticore (D:13)
  3 cyclopes
  2 ugly things
  Joseph (D:9)
  2 hornets
  A polar bear (D:10)
  A troll (D:11)
  Prince Ribbit (D:9)
  2 hippogriffs
  A wraith (D:13)
  A spriggan (D:7)
  5 yaks
  A wyvern (D:13)
  3 hungry ghosts
  Edmund (D:6)
  Duvessa (D:7)
  3 orc warriors
  A necrophage (D:7)
  7 ice beasts
  2 sky beasts
  3 ogres
  3 centaurs
  A wolf (D:10)
  2 crocodiles (D:11)
  7 bullfrogs
  A wyvern zombie (D:7)
  Dowan (D:7)
  11 killer bees
  A scorpion (D:10)
  3 wights (D:11)
  An electric eel (D:10)
  5 crimson imps
  2 bullfrog zombies
  2 jellies (D:7)
  A quasit (D:8)
  3 hounds (D:7)
  2 water moccasin simulacra (D:10)
  Crazy Yiuf (D:6)
  A bullfrog skeleton (D:12)
  2 iguanas
  An orc priest (D:8)
  6 orc wizards
  2 worker ants (D:9)
  2 bullfrog simulacra (D:10)
  A hound skeleton (D:4)
  Robin (D:2)
  A gnoll (D:8)
  9 adders
  A shadow imp (D:11)
  3 white imps (D:10)
  A worker ant simulacrum (D:10)
  4 ufetubi (D:10)
  2 oozes (D:3)
  3 worms
  3 dart slugs
  5 leopard geckos
  29 orcs
  A giant cockroach (D:3)
  23 goblins
  11 hobgoblins (D:2)
  8 jackals
  A quokka (D:8)
  4 bats
  5 frilled lizards
  7 kobolds
  A rat (D:3)
235 creatures vanquished.

Vanquished Creatures (collateral kills)
  4 yaks
  A bullfrog (D:12)
  A bullfrog zombie (D:12)
  A howler monkey skeleton (D:9)
7 creatures vanquished.

Vanquished Creatures (others)
  A fire dragon (D:13)
  A bullfrog (D:7)
  A centaur skeleton (D:7)
  An adder skeleton (D:7)
4 creatures vanquished.

Grand Total: 246 creatures vanquished

Notes
Turn   | Place    | Note
-------+----------+-------------------------------------------
     0 | D:1      | tidbits the Gnoll Necromancer began the quest for the Orb.
     0 | D:1      | Reached XP level 1. HP: 13/13 MP: 6/6
    49 | D:1      | Reached XP level 2. HP: 5/19 MP: 0/7
    52 | D:1      | Learned a level 1 spell: Animate Skeleton
   299 | D:3      | Reached skill level 5 in Spellcasting
   299 | D:3      | Reached XP level 3. HP: 6/25 MP: 3/9
   306 | D:2      | Learned a level 3 spell: Vampiric Draining
   310 | D:2      | Learned a level 3 spell: Regeneration
   456 | D:2      | Reached skill level 1 in Invocations
   526 | D:2      | Reached skill level 1 in Fighting
   526 | D:2      | Reached skill level 1 in Short Blades
   526 | D:2      | Reached skill level 1 in Long Blades
   526 | D:2      | Reached skill level 1 in Axes
   526 | D:2      | Reached skill level 1 in Maces & Flails
   526 | D:2      | Reached skill level 1 in Polearms
   526 | D:2      | Reached skill level 1 in Staves
   526 | D:2      | Reached skill level 1 in Slings
   526 | D:2      | Reached skill level 1 in Bows
   526 | D:2      | Reached skill level 1 in Crossbows
   526 | D:2      | Reached skill level 1 in Throwing
   526 | D:2      | Reached skill level 1 in Armour
   526 | D:2      | Reached skill level 1 in Shields
   526 | D:2      | Reached skill level 1 in Unarmed Combat
   526 | D:2      | Reached skill level 1 in Evocations
   585 | D:2      | Reached XP level 4. HP: 9/32 MP: 4/11
   646 | D:2      | Noticed Robin
   664 | D:2      | Killed Robin
   728 | D:3      | Reached skill level 1 in Conjurations
   728 | D:3      | Reached skill level 1 in Hexes
   728 | D:3      | Reached skill level 1 in Charms
   728 | D:3      | Reached skill level 1 in Summonings
   728 | D:3      | Reached skill level 1 in Translocations
   728 | D:3      | Reached skill level 1 in Transmutations
   728 | D:3      | Reached skill level 1 in Fire Magic
   728 | D:3      | Reached skill level 1 in Ice Magic
   728 | D:3      | Reached skill level 1 in Air Magic
   728 | D:3      | Reached skill level 1 in Earth Magic
   728 | D:3      | Reached skill level 1 in Poison Magic
   787 | D:3      | Reached XP level 5. HP: 31/37 MP: 2/12
   989 | D:3      | Reached XP level 6. HP: 36/44 MP: 6/13
  1012 | D:3      | Found a sparkling altar of Nemelex Xobeh.
  1045 | D:3      | Reached skill level 2 in Invocations
  1115 | D:4      | Found a staircase to the Ecumenical Temple.
  1124 | Temple   | Entered the Ecumenical Temple
  1163 | Temple   | Became a worshipper of Cheibriados the Contemplative
  1451 | D:4      | You fall through a shaft for 2 floors!
  1458 | D:6      | Found a runed door.
  1462 | D:6      | Noticed Crazy Yiuf
  1468 | D:6      | Killed Crazy Yiuf
  1468 | D:6      | Reached skill level 2 in Fighting
  1468 | D:6      | Reached skill level 2 in Short Blades
  1468 | D:6      | Reached skill level 2 in Long Blades
  1468 | D:6      | Reached skill level 2 in Axes
  1468 | D:6      | Reached skill level 2 in Maces & Flails
  1468 | D:6      | Reached skill level 2 in Polearms
  1468 | D:6      | Reached skill level 2 in Staves
  1468 | D:6      | Reached skill level 2 in Slings
  1468 | D:6      | Reached skill level 2 in Bows
  1468 | D:6      | Reached skill level 2 in Crossbows
  1468 | D:6      | Reached skill level 2 in Throwing
  1468 | D:6      | Reached skill level 2 in Armour
  1468 | D:6      | Reached skill level 5 in Dodging
  1468 | D:6      | Reached skill level 2 in Shields
  1468 | D:6      | Reached skill level 2 in Unarmed Combat
  1468 | D:6      | Reached skill level 2 in Evocations
  1500 | D:6      | Noticed an orc warrior
  1505 | D:6      | Noticed Edmund
  1530 | D:6      | Reached XP level 7. HP: 24/50 MP: 1/15
  1599 | D:7      | Noticed a hippogriff
  1605 | D:7      | Killed a hippogriff
  1626 | D:7      | Noticed a spriggan baker
  1628 | D:7      | Killed a spriggan baker
  1628 | D:7      | Reached skill level 2 in Conjurations
  1628 | D:7      | Reached skill level 2 in Hexes
  1628 | D:7      | Reached skill level 2 in Charms
  1628 | D:7      | Reached skill level 2 in Summonings
  1628 | D:7      | Reached skill level 2 in Translocations
  1628 | D:7      | Reached skill level 2 in Transmutations
  1628 | D:7      | Reached skill level 2 in Fire Magic
  1628 | D:7      | Reached skill level 2 in Ice Magic
  1628 | D:7      | Reached skill level 2 in Air Magic
  1628 | D:7      | Reached skill level 2 in Earth Magic
  1628 | D:7      | Reached skill level 2 in Poison Magic
  1697 | D:7      | Reached skill level 5 in Stealth
  1697 | D:7      | Reached skill level 3 in Invocations
  1733 | D:7      | Reached * piety under Cheibriados
  1733 | D:7      | Reached XP level 8. HP: 34/57 MP: 10/16
  1781 | D:7      | Reached skill level 3 in Fighting
  1781 | D:7      | Reached skill level 3 in Short Blades
  1781 | D:7      | Reached skill level 3 in Long Blades
  1781 | D:7      | Reached skill level 3 in Axes
  1781 | D:7      | Reached skill level 3 in Maces & Flails
  1781 | D:7      | Reached skill level 3 in Polearms
  1781 | D:7      | Reached skill level 3 in Staves
  1781 | D:7      | Reached skill level 3 in Slings
  1781 | D:7      | Reached skill level 3 in Bows
  1781 | D:7      | Reached skill level 3 in Crossbows
  1781 | D:7      | Reached skill level 3 in Throwing
  1781 | D:7      | Reached skill level 3 in Armour
  1781 | D:7      | Reached skill level 3 in Shields
  1781 | D:7      | Reached skill level 3 in Unarmed Combat
  1781 | D:7      | Reached skill level 3 in Evocations
  1906 | D:8      | Reached skill level 6 in Spellcasting
  1958 | D:9      | Noticed Joseph
  2044 | D:8      | Reached skill level 3 in Conjurations
  2044 | D:8      | Reached skill level 3 in Hexes
  2044 | D:8      | Reached skill level 3 in Charms
  2044 | D:8      | Reached skill level 3 in Summonings
  2044 | D:8      | Reached skill level 3 in Translocations
  2044 | D:8      | Reached skill level 3 in Transmutations
  2044 | D:8      | Reached skill level 3 in Fire Magic
  2044 | D:8      | Reached skill level 3 in Ice Magic
  2044 | D:8      | Reached skill level 3 in Air Magic
  2044 | D:8      | Reached skill level 3 in Earth Magic
  2044 | D:8      | Reached skill level 3 in Poison Magic
  2044 | D:8      | Reached skill level 4 in Invocations
  2056 | D:8      | Learned a level 3 spell: Mephitic Cloud
  2062 | D:8      | Learned a level 5 spell: Borgnjor's Vile Clutch
  2136 | D:6      | Reached skill level 6 in Dodging
  2136 | D:6      | Reached XP level 9. HP: 62/65 MP: 9/18
  2145 | D:6      | Killed Edmund
  2145 | D:6      | Reached ** piety under Cheibriados
  2184 | D:7      | Noticed Duvessa
  2184 | D:7      | Noticed Dowan
  2196 | D:7      | Killed Duvessa
  2197 | D:7      | Reached skill level 4 in Fighting
  2197 | D:7      | Reached skill level 4 in Short Blades
  2197 | D:7      | Reached skill level 4 in Long Blades
  2197 | D:7      | Reached skill level 4 in Axes
  2197 | D:7      | Reached skill level 4 in Maces & Flails
  2197 | D:7      | Reached skill level 4 in Polearms
  2197 | D:7      | Reached skill level 4 in Staves
  2197 | D:7      | Reached skill level 4 in Slings
  2197 | D:7      | Reached skill level 4 in Bows
  2197 | D:7      | Reached skill level 4 in Crossbows
  2197 | D:7      | Reached skill level 4 in Throwing
  2197 | D:7      | Reached skill level 4 in Armour
  2197 | D:7      | Reached skill level 4 in Shields
  2197 | D:7      | Reached skill level 4 in Unarmed Combat
  2197 | D:7      | Reached skill level 4 in Evocations
  2247 | D:7      | Killed Dowan
  2275 | D:7      | Found Xoenauna's Jewellery Boutique.
  2287 | D:7      | Reached skill level 6 in Stealth
  2287 | D:7      | Reached skill level 8 in Necromancy
  2432 | D:8      | Noticed a hornet
  2435 | D:8      | Killed a hornet
  2626 | D:10     | Entered Level 10 of the Dungeon
  2656 | D:9      | Noticed Prince Ribbit
  2660 | D:9      | Killed Prince Ribbit
  2660 | D:9      | Reached skill level 5 in Invocations
  2667 | D:9      | Learned a level 2 spell: Blink
  2716 | D:9      | Killed Joseph
  2716 | D:9      | Reached skill level 7 in Spellcasting
  2716 | D:9      | Reached XP level 10. HP: 73/73 MP: 14/20
  2717 | D:9      | Reached skill level 4 in Conjurations
  2717 | D:9      | Reached skill level 4 in Hexes
  2717 | D:9      | Reached skill level 4 in Charms
  2717 | D:9      | Reached skill level 4 in Summonings
  2717 | D:9      | Reached skill level 4 in Translocations
  2717 | D:9      | Reached skill level 4 in Transmutations
  2717 | D:9      | Reached skill level 4 in Fire Magic
  2717 | D:9      | Reached skill level 4 in Ice Magic
  2717 | D:9      | Reached skill level 4 in Air Magic
  2717 | D:9      | Reached skill level 4 in Earth Magic
  2717 | D:9      | Reached skill level 4 in Poison Magic
  2732 | D:9      | Reached skill level 5 in Fighting
  2732 | D:9      | Reached skill level 5 in Short Blades
  2732 | D:9      | Reached skill level 5 in Long Blades
  2732 | D:9      | Reached skill level 5 in Axes
  2732 | D:9      | Reached skill level 5 in Maces & Flails
  2732 | D:9      | Reached skill level 5 in Polearms
  2732 | D:9      | Reached skill level 5 in Staves
  2732 | D:9      | Reached skill level 5 in Slings
  2732 | D:9      | Reached skill level 5 in Bows
  2732 | D:9      | Reached skill level 5 in Crossbows
  2732 | D:9      | Reached skill level 5 in Throwing
  2732 | D:9      | Reached skill level 5 in Armour
  2732 | D:9      | Reached skill level 5 in Shields
  2732 | D:9      | Reached skill level 5 in Unarmed Combat
  2732 | D:9      | Reached skill level 5 in Evocations
  2743 | D:9      | Learned a level 4 spell: Animate Dead
  2811 | D:8      | Got a translucent leather armour
  2833 | D:8      | Identified the +3 leather armour of the Serpent {Int+4} (You found it on level 8 of the Dungeon)
  2898 | D:9      | Reached *** piety under Cheibriados
  2939 | D:10     | Got an ivory falchion
  2940 | D:10     | Identified the +9 falchion "Enwadeo" {antimagic, Str+3 Dex+6 SInv} (You found it on level 10 of the Dungeon)
  2981 | D:11     | Noticed a cyclops
  2989 | D:11     | Killed a cyclops
  2989 | D:11     | Reached skill level 7 in Dodging
  3083 | D:12     | Found a staircase to the Orcish Mines.
  3104 | D:11     | Noticed a brown ugly thing
  3140 | D:11     | Noticed a brown ugly thing
  3149 | D:11     | Killed a white ugly thing
  3175 | D:11     | Reached skill level 6 in Invocations
  3234 | D:10     | Reached skill level 7 in Stealth
  3242 | D:10     | Found a radiant altar of Vehumet.
  3300 | D:10     | Reached **** piety under Cheibriados
  3377 | D:10     | Noticed a two-headed ogre
  3381 | D:10     | Reached XP level 11. HP: 79/81 MP: 14/22
  3382 | D:10     | Killed a two-headed ogre
  3388 | D:10     | Noticed a two-headed ogre
  3393 | D:10     | Killed a two-headed ogre
  3431 | D:10     | Reached skill level 6 in Fighting
  3431 | D:10     | Reached skill level 6 in Short Blades
  3431 | D:10     | Reached skill level 6 in Long Blades
  3431 | D:10     | Reached skill level 6 in Axes
  3431 | D:10     | Reached skill level 6 in Maces & Flails
  3431 | D:10     | Reached skill level 6 in Polearms
  3431 | D:10     | Reached skill level 6 in Staves
  3431 | D:10     | Reached skill level 6 in Slings
  3431 | D:10     | Reached skill level 6 in Bows
  3431 | D:10     | Reached skill level 6 in Crossbows
  3431 | D:10     | Reached skill level 6 in Throwing
  3431 | D:10     | Reached skill level 6 in Armour
  3431 | D:10     | Reached skill level 6 in Shields
  3431 | D:10     | Reached skill level 6 in Unarmed Combat
  3431 | D:10     | Reached skill level 6 in Evocations
  3492 | D:9      | Found a staircase to the Lair.
  3523 | D:10     | Reached skill level 5 in Conjurations
  3523 | D:10     | Reached skill level 5 in Hexes
  3523 | D:10     | Reached skill level 5 in Charms
  3523 | D:10     | Reached skill level 5 in Summonings
  3523 | D:10     | Reached skill level 5 in Translocations
  3523 | D:10     | Reached skill level 5 in Transmutations
  3523 | D:10     | Reached skill level 5 in Fire Magic
  3523 | D:10     | Reached skill level 5 in Ice Magic
  3523 | D:10     | Reached skill level 5 in Air Magic
  3523 | D:10     | Reached skill level 5 in Earth Magic
  3523 | D:10     | Reached skill level 5 in Poison Magic
  3566 | D:10     | Noticed a death yak
  3576 | D:10     | Killed a death yak
  3576 | D:10     | Reached skill level 8 in Spellcasting
  3704 | D:12     | Reached ***** piety under Cheibriados
  3726 | D:12     | Noticed a cyclops
  3754 | D:12     | Killed an unseen horror
  3754 | D:12     | Reached skill level 9 in Necromancy
  3754 | D:12     | Reached skill level 7 in Invocations
  3764 | D:12     | Killed a cyclops
  3764 | D:12     | Reached skill level 8 in Dodging
  3796 | D:12     | Learned a level 3 spell: Conjure Flame
  3811 | D:12     | Noticed a two-headed ogre
  3821 | D:12     | Killed a two-headed ogre
  3834 | D:13     | Noticed a red ugly thing
  3846 | D:13     | Noticed a cyclops
  3848 | D:13     | Killed a cyclops
  3859 | D:13     | Killed a red ugly thing
  3859 | D:13     | Reached skill level 8 in Stealth
  3862 | D:13     | Noticed a manticore
  3871 | D:13     | Killed a manticore
  3871 | D:13     | Reached XP level 12. HP: 38/89 MP: 8/24
  3897 | D:13     | Got a pearl-studded scale mail
  3909 | D:13     | Noticed Sonja
  3909 | D:13     | Noticed a six-headed hydra
  3928 | D:13     | Noticed a fire dragon
  3929 | D:13     | Noticed a tengu reaver
  3930 | D:13     | Noticed an ettin
  3930 | D:13     | Noticed a deep elf annihilator
  3933 | D:13     | Noticed a centaur warrior
  3935 | D:13     | Killed an ettin
  3937 | D:13     | Killed a centaur warrior
  3937 | D:13     | Killed from afar by a battlesphere

Vault maps used:
D:1:      dpeg_arrival_tiny_e
D:2:      cheibrodos_greedy_goblins, uniq_robin
D:3:      nemelex_dance_club_becter
D:4:      minmay_temple_entry_statues_fountains, corexii_corridor_pit
D:6:      serial_shops, shop_fountains, uniq_edmund, uniq_crazy_yiuf_cottage
D:7:      serial_shops, shop, minmay_fountain_box, the_bakery,
          lemuel_flame_loot_1, uniq_duvessa
D:8:      enter_bailey_7
D:9:      lair_entry_dummy, uniq_joseph, uniq_prince_ribbit1
D:10:     serial_ice, serial_ice_h, serial_ice_i, serial_ice_b, serial_ice_d,
          serial_ice_f, serial_ice_o, serial_ice_n, serial_ice_a, serial_ice_g,
          serial_ice_e, basic_altar, uniq_snorg
D:11:     cheibrodos_tormentor_scu
D:12:     regret_index_combs_of_tragedy
D:13:     minmay_bad_star, minmay_evil_grid, uniq_sonja
Temple:   kilobyte_greek_temple

Skill      XL: |  1  2  3  4  5  6  7  8  9 10 11 |
---------------+----------------------------------+-----
Spellcasting   | 5 6 7 8 |  8.6
Invocations    | 1 2 3 4 5 6 7 |  7.5
Fighting       | 1 2 3 4 5 6 |  6.9
Short Blades   | 1 2 3 4 5 6 |  6.9
Long Blades    | 1 2 3 4 5 6 |  6.9
Axes           | 1 2 3 4 5 6 |  6.9
Maces & Flails | 1 2 3 4 5 6 |  6.9
Polearms       | 1 2 3 4 5 6 |  6.9
Staves         | 1 2 3 4 5 6 |  6.9
Slings         | 1 2 3 4 5 6 |  6.9
Bows           | 1 2 3 4 5 6 |  6.9
Crossbows      | 1 2 3 4 5 6 |  6.9
Throwing       | 1 2 3 4 5 6 |  6.9
Armour         | 1 2 3 4 5 6 |  6.9
Shields        | 1 2 3 4 5 6 |  6.9
Unarmed Combat | 1 2 3 4 5 6 |  6.9
Evocations     | 1 2 3 4 5 6 |  6.9
Conjurations   | 1 2 3 4 5 |  5.7
Hexes          | 1 2 3 4 5 |  5.7
Charms         | 1 2 3 4 5 |  5.7
Summonings     | 1 2 3 4 5 |  5.7
Translocations | 1 2 3 4 5 |  5.7
Transmutations | 1 2 3 4 5 |  5.7
Fire Magic     | 1 2 3 4 5 |  5.7
Ice Magic      | 1 2 3 4 5 |  5.7
Air Magic      | 1 2 3 4 5 |  5.7
Earth Magic    | 1 2 3 4 5 |  5.7
Poison Magic   | 1 2 3 4 5 |  5.7
Dodging        | 5 6 7 8 |  8.4
Stealth        | 5 6 7 8 |  8.1
Necromancy     | 8 9 |  9.2

Action                   |  1- 3 |  4- 6 |  7- 9 | 10-12 || total
-------------------------+-------+-------+-------+-------++-------
Melee: Whip              |    13 |    44 |     6 |       ||    63
       Bite              |     3 |     3 |    11 |    31 ||    48
       Unarmed           |       |    25 |       |       ||    25
       Dagger            |       |     5 |    54 |     2 ||    61
       Morningstar       |       |       |    18 |       ||    18
       Flail             |       |       |    27 |   167 ||   194
 Fire: Hunting sling     |       |     5 |       |       ||     5
Throw: Stone             |       |     2 |       |       ||     2
       Javelin           |       |       |     1 |     3 ||     4
 Cast: Pain              |    45 |    76 |    40 |     3 ||   164
       Vampiric Draining |     1 |     4 |    12 |     2 ||    19
       Regeneration      |     1 |     2 |     3 |     8 ||    14
       Animate Skeleton  |       |     2 |     2 |     9 ||    13
       Borgnjor's Vile C |       |       |     5 |    32 ||    37
       Animate Dead      |       |       |       |     1 ||     1
       Mephitic Cloud    |       |       |       |     1 ||     1
Evoke: Wand              |       |       |     2 |    22 ||    24
  Use: Potion            |       |     3 |       |     3 ||     6
       Scroll            |       |     5 |     5 |     8 ||    18
 Stab: Sleeping          |     1 |     6 |    10 |     4 ||    21
       Distracted        |       |       |     1 |       ||     1
       Invisible         |       |       |       |     1 ||     1
  Eat: Chunk             |       |     3 |     3 |     3 ||     9
       Ration            |       |       |     2 |     2 ||     4
Armor: Robe              |       |     8 |    23 |     1 ||    32
       Skin              |       |    14 |       |       ||    14
       Troll leather arm |       |       |       |    51 ||    51
       Leather armour    |       |       |       |     7 ||     7
Dodge: Dodged            |    11 |    49 |    97 |   206 ||   363
Block: Buckler           |       |       |    27 |    74 ||   101

Table legend:
 A = Spawn XP
 B = Non-spawn XP
 C = Spawn XP percentage of total XP
 D = Spawn monster count
 E = Non-spawn monster count
 F = Spawn count percentage of total count
 G = Total turns spent on level
                    A         B        C        D         E        F      G
               +---------+---------+-------+---------+---------+-------+---------
         Total |       0 |   20731 |   0.0 |       0 |     242 |   0.0 |  3937
               +---------+---------+-------+---------+---------+-------+---------
           D:1 |       0 |      21 |   0.0 |       0 |      11 |   0.0 |   202
           D:2 |       0 |      82 |   0.0 |       0 |      35 |   0.0 |   514
           D:3 |       0 |     289 |   0.0 |       0 |      38 |   0.0 |   386
           D:4 |       0 |      48 |   0.0 |       0 |      10 |   0.0 |   271
           D:6 |       0 |     557 |   0.0 |       0 |       8 |   0.0 |   209
           D:7 |       0 |    1628 |   0.0 |       0 |      19 |   0.0 |   465
           D:8 |       0 |    1355 |   0.0 |       0 |      23 |   0.0 |   581
           D:9 |       0 |    1879 |   0.0 |       0 |      15 |   0.0 |   244
          D:10 |       0 |    5331 |   0.0 |       0 |      38 |   0.0 |   429
          D:11 |       0 |    2253 |   0.0 |       0 |      17 |   0.0 |   316
          D:12 |       0 |    3416 |   0.0 |       0 |      16 |   0.0 |   131
          D:13 |       0 |    3872 |   0.0 |       0 |      12 |   0.0 |   111
               +---------+---------+-------+---------+---------+-------+---------

Table legend:
 A = Turns spent in this place as a percentage of turns spent in the entire game.
 B = Non-inter-level travel turns spent in this place as a percentage of non-inter-level travel turns spent in the entire game.
 C = Inter-level travel turns spent in this place as a percentage of turns spent in this place.
 D = Turns resting spent in this place as a percentage of non-inter-level travel turns spent in this place.
 E = Turns spent auto-exploring this place as a percentage of non-inter-level travel turns spent in this place.
 F = Non-inter-level travel turns spent in this place divided by the number of levels of this place that you've seen.
                   A       B       C       D       E      F
               +-------+-------+-------+-------+-------+----------------------
         Total | 100.0 | 100.0 |   2.7 |   0.2 |   0.0 | 294.6
       Dungeon |  98.0 |  98.9 |   1.8 |   0.2 |   0.0 | 315.8
        Temple |   2.0 |   1.1 |  47.4 |   0.0 |   0.0 |  41.0
               +-------+-------+-------+-------+-------+----------------------

Table legend:
 A = Kills in this place as a percentage of kills in entire the game.
 B = Kills by you in this place as a percentage of kills by you in the entire game.
 C = Kills by friends in this place as a percentage of kills by friends in the entire game.
 D = Other kills in this place as a percentage of other kills in the entire game.
 E = Experience gained in this place as a percentage of experience gained in the entire game.
 F = Experience gained in this place divided by the number of levels of this place that you have seen.
                   A       B       C       D       E      F
               +-------+-------+-------+-------+-------+----------------------
         Total | 100.0 | 100.0 | 100.0 |   N/A | 100.0 | 1594.7
       Dungeon | 100.0 | 100.0 | 100.0 |   N/A | 100.0 | 1727.6
               +-------+-------+-------+-------+-------+----------------------

Vault maps used:
D:1:      dpeg_arrival_tiny_e
D:2:      cheibrodos_greedy_goblins, uniq_robin
D:3:      nemelex_dance_club_becter
D:4:      minmay_temple_entry_statues_fountains, corexii_corridor_pit
D:6:      serial_shops, shop_fountains, uniq_edmund, uniq_crazy_yiuf_cottage
D:7:      serial_shops, shop, minmay_fountain_box, the_bakery,
          lemuel_flame_loot_1, uniq_duvessa
D:8:      enter_bailey_7
D:9:      lair_entry_dummy, uniq_joseph, uniq_prince_ribbit1
D:10:     serial_ice, serial_ice_h, serial_ice_i, serial_ice_b, serial_ice_d,
          serial_ice_f, serial_ice_o, serial_ice_n, serial_ice_a, serial_ice_g,
          serial_ice_e, basic_altar, uniq_snorg
D:11:     cheibrodos_tormentor_scu
D:12:     regret_index_combs_of_tragedy
D:13:     minmay_bad_star, minmay_evil_grid, uniq_sonja
Temple:   kilobyte_greek_temple
